 Dungeon Crawl Stone Soup version 0.20.0 (webtiles) character file.

182 Llamajah the Shield-Bearer (level 5, -1/42 HPs)
             Began as a Formicid Fighter on June 15, 2017.
             Slain by an orc
             ... wielding a +0 trident
              (7 damage)
             ... on level 3 of the Dungeon.
             The game lasted 00:04:49 (1554 turns).

Llamajah the Shield-Bearer (Formicid Fighter)       Turns: 1554, Time: 00:04:50

Health: -1/42      AC: 10    Str: 22    XL:     5   Next: 93%
Magic:  5/5        EV:  9    Int:  7    God:
Gold:   81         SH:  9    Dex: 10    Spells: 4/4 levels left

rFire    . . .     SeeInvis +   a - +0 war axe
rCold    . . .     Gourm    .   c - +0 shield
rNeg     . . .     Faith    .   b - +0 scale mail
rPois    .         Spirit   .   (helmet unavailable)
rElec    .         Reflect  .   e - +0 cloak
rCorr    .         Harm     .   j - +0 pair of gloves (curse)
MR       .....                  d - +0 pair of boots
Stlth    ..........             (no amulet)
Regen    0.2/turn               (no ring)
MPRegen  0.1/turn               (no ring)

@: no status effects
A: permanent stasis, dig shafts and tunnels, four strong arms, antennae 3
a: Dig, Shaft Self


You were on level 3 of the Dungeon.
You were hungry.

You visited 1 branch of the dungeon, and saw 3 of its levels.

You collected 81 gold pieces.

Inventory:

Hand Weapons
 a - a +0 war axe (weapon)
Armour
 b - a +0 scale mail (worn)
 c - a +0 shield (worn)
 d - a +0 pair of boots (worn)
 e - a +0 cloak (worn)
 j - a cursed +0 pair of gloves (worn)
Wands
 m - a wand of flame (25/48)
Scrolls
 l - a scroll of identify {unknown}
 n - 2 scrolls of teleportation {unknown}
 o - a scroll of immolation {unknown}
 p - a scroll of remove curse {unknown}
Potions
 k - 2 potions of resistance {unknown}
 q - a potion of brilliance {unknown}
Comestibles
 f - a bread ration
 g - 4 chunks of flesh
 h - 2 meat rations
 i - a fruit
 r - a royal jelly


   Skills:
 + Level 4.1 Fighting
 + Level 3.2 Axes
 + Level 4.0 Armour
 + Level 2.0 Dodging
 + Level 4.4 Shields


You had 4 spell levels left.
You didn't know any spells.

Dungeon Overview and Level Annotations

Branches:
Dungeon (3/15)

Altars:


Innate Abilities, Weirdness & Mutations

You cannot be hasted, slowed, berserked, paralysed or teleported.
You can dig through walls and to a lower floor.
Your four strong arms can wield two-handed weapons with a shield.
You have a pair of large antennae on your head. (SInv)


Message History

You kill the orc priest!
Your Armour skill increases to level 4!
Your Dodging skill increases to level 2!
The orc hits you from afar with a trident.
* * * LOW HITPOINT WARNING * * *
The orc barely misses you. The orc hits you but does no damage.
Found 4 gold pieces.
You see here a short sword.
You closely miss the orc. The orc hits you with a trident.
* * * LOW HITPOINT WARNING * * *
You barely miss the orc. The orc completely misses you.
You hit the orc.
The orc is moderately wounded.
The orc hits you with a trident.
* * * LOW HITPOINT WARNING * * *
You closely miss the orc.
The orc is lightly wounded.
The orc hits you with a trident!
You die...

##.......# ##.......#
##.......# ### ##
#####.#### #.. .# # #.#
#.# #.### #.# #(# .$..
#.# #.# ..#
#####.#######.###o.#
........=.......@.>#
##.##..######..)).......
# #..# #........... #..#
#........... #.)#
#.###.###### #..# #.# .#
...# #.# .# .#.# #.. .#


You could see an orc.

Vanquished Creatures
  An orc priest (D:3)
  Terence (D:2)
  Robin (D:2)
  3 adders
  3 worms (D:2)
  3 dart slugs
  2 leopard geckos
  3 orcs (D:3)
  2 ball pythons
  9 bats
  A giant cockroach (D:1)
  13 goblins
  7 hobgoblins
  7 jackals
  3 kobolds
  A quokka (D:3)
  2 frilled lizards (D:1)
  6 rats
68 creatures vanquished.

Notes
Turn   | Place    | Note
-------+----------+-------------------------------------------
     0 | D:1      | Llamajah the Formicid Fighter began the quest for the Orb.
     0 | D:1      | Reached XP level 1. HP: 18/18 MP: 1/1
    39 | D:1      | Reached XP level 2. HP: 22/24 MP: 2/2
   459 | D:1      | Reached XP level 3. HP: 29/29 MP: 3/3
   692 | D:2      | Noticed Robin
   720 | D:2      | Reached skill level 1 in Dodging
   725 | D:2      | Killed Robin
   725 | D:2      | Reached XP level 4. HP: 7/37 MP: 4/4
  1122 | D:2      | Noticed Terence
  1129 | D:2      | Killed Terence
  1148 | D:2      | Reached XP level 5. HP: 41/42 MP: 5/5
  1554 | D:3      | Slain by an orc

Skill      XL: |  1  2  3  4  5 |
---------------+----------------+-----
Dodging        | 1 2 |  2.0
Shields        | 4 |  4.4
Fighting       | 4 |  4.1
Axes           | 3 |  3.2
Armour         | 4 |  4.0

Action                   |  1- 3 |  4- 6 || total
-------------------------+-------+-------++-------
Melee: War axe           |    97 |   107 ||   204
  Use: Potion            |     1 |       ||     1
  Eat: Chunk             |       |     2 ||     2
Armor: Scale mail        |    42 |    60 ||   102
Dodge: Dodged            |    47 |    47 ||    94
Block: Shield            |    59 |    59 ||   118
